 Dungeon Crawl Stone Soup version 0.31-a0-188-g5e087ee2ca (webtiles) character file.

Game seed: 9954820143096915446

59 qw the Shooter (level 3, 0/20 HPs)
             Began as a Deep Elf Hunter on June 23, 2023.
             Slain by a gnoll
             ... wielding a +0 spear
              (2 damage)
             ... on level 2 of the Dungeon.
             The game lasted 00:00:32 (1194 turns).

qw the Shooter (Deep Elf Hunter)                    Turns: 1194, Time: 00:00:33

Health: 0/20       AC:  5    Str: 10    XL:     3   Next: 78%
Magic:  5/5        EV: 12    Int: 13    God:
Gold:   112        SH:  0    Dex: 18    Spells: 2/2 levels left

rFire   . . .        Y - +0 shortbow
rCold   . . .        (shield currently unavailable)
rNeg    . . .        c - +0 leather armour
rPois   .            (no helmet)
rElec   .            (no cloak)
rCorr   .            d - +1 pair of gloves
SInv    .            (no boots)
Will    .....        (no amulet)
Stlth   ++           (no ring)
HPRegen 0.23/turn    (no ring)
MPRegen 0.09/turn

%: no passive effects
@: about to teleport
A: no striking features
a: no special abilities


You were on level 2 of the Dungeon.
You visited 1 branch of the dungeon, and saw 2 of its levels.

You collected 112 gold pieces.


   Skills:
 - Level 1.5 Fighting
 + Level 7.3 Ranged Weapons
 - Level 2.4 Dodging
 - Level 1.2 Stealth


You had 2 spell levels left.
You didn't know any spells.
Your spell library was empty.

Inventory:

Hand Weapons
 Y - a +0 shortbow (weapon)
Armour
 c - a +0 leather armour (worn)
 d - a +1 pair of gloves (worn)
 e - a +0 pair of boots
 g - a +0 ring mail
Scrolls
 f - 2 scrolls of immolation {unknown}
Potions
 b - a potion of berserk rage {unknown}
 h - a potion of enlightenment
 i - a potion of degeneration {unknown}

Dungeon Overview and Level Annotations

Branches:
Dungeon (2/15)

Altars:


Message History

Enter note: You shoot an arrow.
The arrow hits the rat.
You kill the rat!
You see here 7 stones.
You see here a rat corpse. 3 gnolls come into view.
The gnoll shouts! x2; You hear a shout!
A gnoll comes into view.
It is wielding a +0 flail of holy wrath.
Enter note:
Enter note:
Enter note:
Enter note:
Enter note:
Enter note:
1184 ||| Stepping ~*~*~tactically~*~*~ (outnumbered).
You see here a rat corpse.
The gnoll shouts!
The gnoll hits you from afar with a +0 halberd!
1186 ||| Stepping ~*~*~tactically~*~*~ (outnumbered).
You see here a rat corpse.
You shoot an arrow. The arrow barely misses the gnoll.
The gnoll hits you from afar with a +0 halberd.
You shoot an arrow.
The arrow hits the gnoll but does no damage.
The gnoll misses you.
You shoot an arrow. The arrow closely misses the gnoll.
You shoot an arrow. The arrow barely misses the gnoll.
You shoot an arrow. The arrow hits the gnoll!
The gnoll is heavily wounded.
The gnoll hits you from afar with a +0 spear.
1192 ||| READING scroll of teleportation.
As you read the scroll of teleportation, it crumbles to dust.
You feel strangely unstable.
The gnoll hits you from afar with a +0 spear.
You shoot an arrow. The arrow barely misses the gnoll.
The gnoll hits you from afar with a +0 spear.
You shoot an arrow. The arrow hits the gnoll.
The gnoll is severely wounded.
The gnoll hits you from afar with a +0 spear.
You die...

#.#...)...# #.
#.#.#####.# #g
#... #.##.# #g
#########....#
#g
#........#####
#. #.#####..#
#g #........###
#g##...(......#
#..@.###.#.##.#
###### #...##.#
######.# #.#
#<# ###


You could see a gnoll.

Vanquished Creatures
  An adder (D:2)
  A worm (D:2)
  3 dart slugs
  4 bats
  4 endoplasms
  2 giant cockroaches (D:2)
  5 goblins
  2 hobgoblins (D:1)
  2 quokkas
  3 ball pythons
  6 frilled lizards
  4 kobolds
  7 rats
44 creatures vanquished.

Notes
Turn   | Place    | Note
-------+----------+-------------------------------------------
     0 | D:1      | qw the Deep Elf Hunter began the quest for the Orb.
     0 | D:1      | Reached XP level 1. HP: 12/12 MP: 3/3
     0 | D:1      | 0 ||| qw: Version: 0.3-a-9-g12657ce
     0 | D:1      | 0 ||| qw: Game counter: 4401
     0 | D:1      | 0 ||| qw: Always use a shield: true
     0 | D:1      | 0 ||| qw: God list: Okawaru
     0 | D:1      | 0 ||| qw: Allow faded altars: false
     0 | D:1      | 0 ||| qw: Do Orc after D:15 true
     0 | D:1      | 0 ||| qw: Do second Lair branch before Depths: true
     0 | D:1      | 0 ||| qw: Lair rune preference: random
     0 | D:1      | 0 ||| qw: Plans: Normal
     0 | D:1      | 0 ||| PLANNING D:1-11
    88 | D:1      | Reached XP level 2. HP: 16/16 MP: 4/4
    95 | D:1      | Reached skill level 6 in Ranged Weapons
   351 | D:1      | 351 ||| Stepping ~*~*~tactically~*~*~ (outnumbered).
   359 | D:1      | HP: 3/16 [dart slug/slug dart (3)]
   777 | D:1      | 777 ||| UPGRADING to +1 pair of gloves.
   782 | D:1      | 782 ||| READING scroll labelled FIWIR XAASATS.
   783 | D:1      | 783 ||| READING scroll labelled MYUSAO QOPHO.
   784 | D:1      | 784 ||| READING scroll labelled BEFAVE FEXAV.
   787 | D:1      | 787 ||| READING scroll labelled DEOZAVAA ZIUFI.
   788 | D:1      | 788 ||| DRINKING 2 murky emerald potions.
   789 | D:1      | 789 ||| DROPPING scroll of butterflies.
   879 | D:2      | Reached XP level 3. HP: 15/20 MP: 5/5
   972 | D:2      | Reached skill level 7 in Ranged Weapons
  1184 | D:2      | 1184 ||| Stepping ~*~*~tactically~*~*~ (outnumbered).
  1186 | D:2      | 1186 ||| Stepping ~*~*~tactically~*~*~ (outnumbered).
  1191 | D:2      | HP: 5/20 [gnoll/+0 spear (3)]
  1192 | D:2      | 1192 ||| READING scroll of teleportation.
  1193 | D:2      | HP: 2/20 [gnoll/+0 spear (1)]
  1194 | D:2      | Slain by a gnoll

Levels and vault maps discovered:
D:1:      erik_arrival_cave_to_civilisation [erik_arrival_cave_to_hall],
          layout_loops_ring
D:2:      minmay_inner_zag, layout_basic

Skill      XL: |  1  2  3 |
---------------+----------+-----
Ranged Weapons | 6 7 |  7.3
Fighting       | |  1.5
Dodging        | |  2.4
Stealth        | |  1.2

Action                     || total
---------------------------++-------
   Fire: Shortbow          ||   119
    Use: Scroll            ||     5
         Potion            ||     1
 Armour: Leather armour    ||    11
  Dodge: Dodged            ||    25

Table legend:
 A = Non-vault XP
 B = Vault XP
 C = Vault XP percentage of total XP
 D = Non-vault monster count
 E = Vault monster count
 F = Vault count percentage of total count
                 A         B        C        D         E       F
            +---------+---------+-------+---------+---------+-------
      Total |      69 |      16 |  18.8 |      34 |      10 |  22.7
            +---------+---------+-------+---------+---------+-------
        D:1 |      29 |       2 |   6.5 |      16 |       2 |  11.1
        D:2 |      40 |      14 |  25.9 |      18 |       8 |  30.8
            +---------+---------+-------+---------+---------+-------
